 Dungeon Crawl Stone Soup version 0.30-a0-845-g7c6808c8ce (webtiles) character file.

Game seed: 11013608514689688586

2 Bnni the Stinger (level 1, -2/13 HPs)
             Began as a Formicid Venom Mage on Mar 3, 2023.
             Slain by a gnoll
             ... wielding a +0 whip
              (4 damage)
             ... on level 1 of the Dungeon.
             The game lasted 00:00:51 (106 turns).

Bnni the Stinger (Formicid Venom Mage)               Turns: 106, Time: 00:00:52

Health: -2/13      AC:  2    Str: 12    XL:     1   Next: 44%
Magic:  0/3        EV: 12    Int: 14    God:
Gold:   15         SH:  0    Dex: 14    Spells: 3/4 levels left

rFire   . . .      SeeInvis +    e - +0 dagger
rCold   . . .      Faith    .    (no shield)
rNeg    . . .      Spirit   .    a - +0 robe
rPois   .          Reflect  .    (helmet unavailable)
rElec   .          Rampage  .    (no cloak)
rCorr   .                        (no gloves)
Will    .....                    (no boots)
Stlth   ++                       (no amulet)
HPRegen 0.22/turn                (no ring)
MPRegen 0.08/turn                (no ring)

@: no status effects
A: permanent stasis, dig shafts and tunnels, antennae 3, four strong arms
a: Dig, Shaft Self


You were on level 1 of the Dungeon.
You visited 1 branch of the dungeon, and saw 1 of its levels.

You collected 15 gold pieces.

Inventory:

Hand Weapons
 e - a +0 dagger (weapon)
Armour
 a - a +0 robe (worn)
Potions
 b - a potion of magic
 c - a potion of brilliance {unknown}
 d - a potion of haste {unknown}


   Skills:
 + Level 0.2 Fighting
 - Level 1.7 Dodging
 - Level 2.4 Stealth
 + Level 2.2 Spellcasting
 - Level 1.1 Transmutations
 * Level 4.1 Poison Magic


You had 3 spell levels left.
You knew the following spells:

 Your Spells              Type           Power      Damage    Failure   Level
a - Sting                 Tmut/Pois      32%        1d4       8%          1

Your spell library contained the following spells:

 Spells                   Type           Power      Damage    Failure   Level
 Poisonous Vapours        Pois/Air       14%        N/A       16%         2
 Mephitic Cloud           Conj/Pois/Air  5%         N/A       36%         3
 Olgreb's Toxic Radiance  Pois           13%        N/A       38%         4


Dungeon Overview and Level Annotations

Branches:
Dungeon (1/15)

Altars:


Innate Abilities, Weirdness & Mutations

You cannot be hasted, slowed, berserked, paralysed or teleported.
You can dig through walls and to a lower floor.
You have a pair of large antennae on your head. (SInv)
Your four strong arms can wield two-handed weapons with a shield.


Message History

The kobold throws a stone.
The stone hits you.
A kobold is nearby!
A giant cockroach comes into view.
The kobold barely misses you.
Aiming: Sting (safe; 8% risk of failure)
Press: ? - help, Q - select action, (/) - cycle Shift-Dir - straight line, f - kobold
Aim: a kobold, wielding a +0 club and quivering stones (60% to hit)
The sting hits the kobold.
The kobold is poisoned.
The kobold is severely wounded.
The kobold hits you with a +0 club.
Aiming: Sting (safe; 8% risk of failure)
Press: ? - help, Q - select action, (/) - cycle Shift-Dir - straight line, f/p - kobold
Aim: a kobold, wielding a +0 club and quivering stones (severely wounded, poisoned, 60% to hit)
The sting hits the kobold.
The kobold looks even sicker.
You kill the kobold!
Found 2 gold pieces.
A gnoll comes into view. It is wielding a +0 whip.
Things that are here:
a +0 club; 4 stones; a kobold corpse
Aiming: Sting (safe; 8% risk of failure)
Press: ? - help, Q - select action, (/) - cycle Shift-Dir - straight line, f - gnoll
Aim: a gnoll, wielding a +0 whip (wandering, hasn't noticed you, 72% to hit)
The sting hits the gnoll but does no damage.
The gnoll is poisoned.
The gnoll hits you with a +0 whip.
The giant cockroach bites you but does no damage.
You don't have enough magic to cast this spell.
Unknown command.
The giant cockroach completely misses you.
Things that are here:
a +0 club; 4 stones; a kobold corpse The gnoll attacks as you move away!
The gnoll hits you with a +0 whip.
* * * LOW HITPOINT WARNING * * *
The giant cockroach attacks as you move away!
The giant cockroach bites you but does no damage.
You don't have enough magic to cast this spell.
You hit the gnoll.
The gnoll is moderately wounded.
The gnoll hits you with a +0 whip.
You die...

#### ######
.....#####....#
.....$..#...#.#
#.g.#...######
#...#@.........#
##.###.......#.##### #..
#...#.#......>..
...#...#.#.#.########
..#...#.....#.##########
..###.###.##.............
.. .. #.........##..####
..#.........(.#
....#.....###.#


You could see a gnoll (poisoned).

Vanquished Creatures
  A hobgoblin (D:1)
  A goblin (D:1)
  A kobold (D:1)
3 creatures vanquished.

Notes
Turn   | Place    | Note
-------+----------+-------------------------------------------
     0 | D:1      | Bnni the Formicid Venom Mage began the quest for the Orb.
     0 | D:1      | Reached XP level 1. HP: 13/13 MP: 3/3
   106 | D:1      | Slain by a gnoll

Illustrated notes

Levels and vault maps discovered:
D:1:      doesnt_arrival_eight_statues, layout_loops_ring, chequers_garden,
          minmay_misc_feat_four_crosses, minmay_misc_feat_tiny,
          minmay_misc_feat_plants, minmay_splitting_lines

Action                     || total
---------------------------++-------
  Melee: Dagger            ||     1
         Unarmed           ||     1
   Cast: Sting             ||     7
 Armour: Robe              ||     2
  Dodge: Dodged            ||     3

Table legend: (Time is in decaauts)
 A = Elapsed time spent in this place.
 B = Non-inter-level travel time spent in this place.
 C = Inter-level travel time spent in this place.
 D = Time resting spent in this place.
 E = Time spent auto-exploring this place.
 F = Levels seen in this place.
 G = Mean time per level.
                   A        B        C        D        E       F      G
               +--------+--------+--------+--------+--------+-----+--------+
         Total |    105 |    105 |      0 |      0 |     75 |   1 |  105.0 |
       Dungeon |    105 |    105 |      0 |      0 |     75 |   1 |  105.0 |
               +--------+--------+--------+--------+--------+-----+--------+

Top non-repeatable levels by time:
     D:1: 105 daAuts
